 Dungeon Crawl Stone Soup version 0.31.0-32-g396128a36d (webtiles) character file.

Game seed: 15520966872650162880

17745 jagang the Carver (level 12, -5/100 HPs)
             Began as a Human Monk on Mar 23, 2024.
             Was an Initiate of the Shining One.
             Slain by a frost giant
             ... wielding a +1 battleaxe of freezing
             ... created by the fury of Okawaru
              (12 damage)
             ... on level 12 of the Dungeon.
             The game lasted 00:34:22 (12191 turns).

jagang the Carver (Human Monk)                     Turns: 12191, Time: 00:34:23

Health: -5/100     AC: 33    Str: 17    XL:     12   Next: 51%
Magic:  0/16       EV: 10    Int: 11    God:    the Shining One [......]
Gold:   604        SH: 16    Dex: 21    Spells: 11/11 levels left

rFire   . . .        z - +7 scimitar
rCold   . . .        B - +4 kite shield {AC+3}
rNeg    . . .        l - +15 Maxwell's patent armour {-Cast -Tele rElec Will+ rCorr}
rPois   .            (no helmet)
rElec   +            m - scarf {repulsion}
rCorr   +            G - +0 pair of gloves
SInv    .            H - +2 pair of boots
Will    +....        x - amulet of guardian spirit Stlth
                     r - +5 ring of evasion
HPRegen 0.36/turn    y - +6 ring of strength
MPRegen 0.15/turn

%: no teleportation, no spellcasting, repel missiles, guardian spirit
@: glowing
A: explore regen
a: Renounce Religion


You were on level 12 of the Dungeon.
You worshipped the Shining One.
The Shining One was noncommittal.
You visited 2 branches of the dungeon, and saw 14 of its levels.
You also visited: Bailey.

You collected 621 gold pieces.
You spent 17 gold pieces at shops.

Inventory:

Hand Weapons
 d - a +3 demon blade of venom
 z - a +7 scimitar (weapon)
 C - a +2 rapier of electrocution
 O - a +3 scimitar
Missiles
 t - 9 javelins
 v - 3 datura-tipped darts
 E - 11 boomerangs (quivered)
 M - 2 atropa-tipped darts
 P - a throwing net
 R - 3 darts of dispersal
Armour
 a - the +0 chain mail of Tifeipp {rElec Str-2 Dex+4 Stlth+}
   (You found it on level 3 of the Dungeon)

   Str-2:     It affects your strength (-2).
   Dex+4:     It affects your dexterity (+4).
   rElec:     It insulates you from electricity.
   Stlth+:    It makes you more stealthy.
 l - the +15 Maxwell's patent armour (worn) {-Cast -Tele rElec Will+ rCorr}
   (Okawaru gifted it to you on level 12 of the Dungeon)

   rElec:     It insulates you from electricity.
   Will+:     It increases your willpower.
   -Cast:     It prevents spellcasting.
   -Tele:     It prevents most forms of teleportation.
   rCorr:     It protects you from acid and corrosion.
 m - a scarf of repulsion (worn)
 B - a +4 kite shield of protection (worn)
 G - a +0 pair of gloves (worn)
 H - a +2 pair of boots (worn)
Jewellery
 r - a +5 ring of evasion (left hand)
 x - an amulet of guardian spirit (around neck)
 y - a +6 ring of strength (right hand)
 L - an amulet of faith
 S - a ring of ice
Wands
 F - a wand of polymorph (2)
 I - a wand of light (8)
 Q - a wand of iceblast (3)
Scrolls
 b - 2 scrolls of fear
 g - 4 scrolls of teleportation
 k - 2 scrolls of immolation
 q - 2 scrolls of poison
 s - 2 scrolls of amnesia
 u - 2 scrolls of fog
 w - 2 scrolls of identify
 T - a scroll of blinking
 U - a scroll of revelation {unknown}
Potions
 c - 2 potions of ambrosia
 e - 10 potions of curing
 f - 3 potions of brilliance
 h - a potion of resistance {unknown}
 i - 2 potions of might
 j - 2 potions of attraction {unknown}
 n - a potion of mutation {unknown}
 o - 2 potions of lignification {unknown}
 p - 2 potions of magic {unknown}
 A - 3 potions of haste {unknown}
 D - 3 potions of heal wounds {unknown}
 J - 2 potions of invisibility {unknown}
 K - 2 potions of cancellation {unknown}
 N - a potion of berserk rage {unknown}


   Skills:
 * Level 11.3 Fighting
 + Level 0.4(8.1) Short Blades
 * Level 12.7 Long Blades
 - Level 4.7 Throwing
 + Level 2.7 Armour
 - Level 4.0 Dodging
 + Level 8.6 Shields
 + Level 5.6 Invocations


You had 11 spell levels left.
You didn't know any spells.
Your spell library contained the following spells:

 Spells                   Type           Power      Damage    Failure   Level
 Apportation              Tloc           0%         N/A       100%        1
 Magic Dart               Conj           0%         1d3       100%        1
 Jinxbite                 Hex            0%         N/A       100%        2
 Mercury Vapours          Alch/Air       0%         N/A       100%        2
 Scorch                   Fire           0%         2d5       100%        2
 Searing Ray              Conj           0%         2d4       100%        2
 Dazzling Flash           Conj/Hex       0%         N/A       100%        3
 Inner Flame              Hex/Fire       0%         N/A       100%        3
 Mephitic Cloud           Conj/Alch/Air  0%         N/A       100%        3
 Ozocubu's Armour         Ice            0%         N/A       100%        3
 Flame Wave               Conj/Fire      0%         2d4       100%        4
 Fulminant Prism          Conj/Alch      0%         3d5       100%        4
 Sticky Flame             Fire/Alch      0%         2d4       100%        4
 Alistair's Intoxication  Alch           0%         N/A       100%        5
 Curse of Agony           Necr           0%         N/A       100%        5
 Freezing Cloud           Conj/Ice/Air   0%         6-21      100%        5
 Metabolic Englaciation   Hex/Ice        0%         N/A       100%        5
 Silence                  Hex/Air        0%         N/A       100%        5
 Sculpt Simulacrum        Ice/Alch       0%         N/A       100%        6
 Summon Cactus Giant      Summ           0%         N/A       100%        6


Dungeon Overview and Level Annotations

Branches:
Dungeon (13/15)            Temple (1/1) D:5            Lair (0/5) D:8
    Orc (0/2) D:11         Bailey (visited)
 Vaults: D:13-14

Altars:
Ashenzari
Cheibriados
Dithmenos
Elyvilon
Fedhas
Gozag
Hepliaklqana
Kikubaaqudgha
Makhleb
Nemelex Xobeh
Okawaru
Qazlal
Ru
Sif Muna
Trog
Vehumet
Wu Jian
Xom
Zin
The Shining One

Shops:
D:12 !

Annotations:
D:11 3 runed translucent doors, brilapsti's ghost, journeyman DrCj


Innate Abilities, Weirdness & Mutations

You regain HP and MP as you explore.


Message History

The frost giant is moderately wounded.
The frost giant hits you but does no damage.
You hit the frost giant.
The frost giant is moderately wounded.
The frost giant barely misses you.
You slash the frost giant!
The frost giant is moderately wounded.
The frost giant gestures at you while chanting.
The bolt of cold hits you!!
You slice the frost giant!!
The frost giant is heavily wounded.
You slash the frost giant!
The frost giant is severely wounded.
The frost giant hits you with a +1 battleaxe of freezing!
The frost giant freezes you.
You hit the frost giant.
The frost giant is severely wounded.
The frost giant hits you but does no damage.
You hit the frost giant but do no damage.
The frost giant is severely wounded.
The frost giant hits you with a +1 battleaxe of freezing!!
* * * LOW HITPOINT WARNING * * *
The frost giant freezes you!
* * * LOW HITPOINT WARNING * * *
You cannot teleport because you are wearing the +15 Maxwell's patent armour {-Cast -Tele rElec Will+ rCorr}.
You slash the frost giant!
The frost giant is severely wounded.
The frost giant hits you with a +1 battleaxe of freezing!
* * * LOW HITPOINT WARNING * * *
The frost giant freezes you.
* * * LOW HITPOINT WARNING * * *
Okay, then.
Okay, then.
Press: ? - help, v - describe, . - travel Some lava.
Unknown command.
Okay, then.
You feel better.
The frost giant hits you with a +1 battleaxe of freezing!
You die...

######### ........#
........# ########
...≈....#
############.......
...≈....#
#..................
....≈...#
#..................
........#
#..................
......).#
#..................
........#
#.@.....§...#######
........#
#..C§§.≈≈...'†.....
....<...#
#...≈≈§§§...#######
..#'#####
#.§≈≈≈§.....# ..#.#
#..§........# ..#.#
#...........#######
..#.#
#...........#......
..#.#
#...........#.#####
.##.#
#...........#..#


You could see a frost giant.

Vanquished Creatures
  2 hydras
  2 boulder beetles
  2 two-headed ogres
  An arcanist (D:9)
  The ghost of hawkwood the Fighter, a novice DgAr (D:6)
  2 deep elf pyromancers (D:12)
  An orc sorcerer (Bailey)
  A manticore (D:11)
  The ghost of middlethird the Thaumaturge, a novice VSIE of Kikubaaqudgha (D:8)
  A gargoyle (D:9)
  An unseen horror (D:12)
  A kobold demonologist (Bailey)
  Maggie (D:8)
  5 trolls
  A hornet (D:8)
  Prince Ribbit (D:8)
  A vampire (D:8)
  3 wraiths
  2 shadows
  Eustachio (D:4)
  5 yaks (D:12)
  9 vampire mosquitoes
  A steam dragon (D:7)
  2 acid dragons
  2 water moccasins
  15 orc warriors
  A sky beast (D:6)
  An ogre (D:4)
  A wolf (D:8)
  A phantom (D:6)
  4 centaurs
  A kobold brigand (D:9)
  Blork the orc (D:4)
  3 bullfrogs
  2 gnoll sergeants
  4 scorpions
  15 wights
  3 electric eels
  3 howler monkeys
  4 bombardier beetles
  10 hounds
  3 jellies
  8 orc priests
  2 sleepcaps
  6 iguanas
  14 orc wizards
  17 gnolls
  6 adders
  4 shadow imps
  3 white imps
  2 ufetubi (D:5)
  2 ribbon worms
  3 dart slugs
  45 orcs
  5 ball pythons
  6 bats
  5 endoplasms
  4 giant cockroaches
  9 goblins
  12 hobgoblins
  6 quokkas
  A frilled lizard (D:2)
  17 kobolds
  5 rats
304 creatures vanquished.

Vanquished Creatures (others)
  A howler monkey (D:7)
1 creature vanquished.

Grand Total: 305 creatures vanquished

Notes
Turn   | Place    | Note
-------+----------+-------------------------------------------
     0 | D:1      | jagang the Human Monk began the quest for the Orb.
     0 | D:1      | Reached XP level 1. HP: 18/18 MP: 1/1
   184 | D:1      | Reached XP level 2. HP: 24/24 MP: 2/2
   390 | D:1      | Reached XP level 3. HP: 29/29 MP: 3/3
  1469 | D:3      | Reached XP level 4. HP: 30/37 MP: 4/4
  1470 | D:3      | Reached skill level 4 in Long Blades
  1610 | D:3      | Found a sacrificial altar of Ru.
  1698 | D:3      | Identified the +0 chain mail of Tifeipp {rElec Str-2 Dex+4
                  | Stlth+}
  2015 | D:4      | Noticed a scorpion
  2023 | D:4      | Killed a scorpion
  2024 | D:4      | Reached XP level 5. HP: 40/42 MP: 5/5
  2281 | D:4      | Reached skill level 5 in Long Blades
  2345 | D:4      | Reached XP level 6. HP: 49/49 MP: 6/6
  2441 | D:4      | Noticed Eustachio
  2479 | D:4      | Killed Eustachio
  2480 | D:4      | Reached skill level 5 in Fighting
  2480 | D:4      | Reached skill level 1 in Throwing
  2480 | D:4      | Reached XP level 7. HP: 27/56 MP: 2/7
  2646 | D:4      | Reached skill level 6 in Long Blades
  2805 | D:4      | Noticed Blork the orc
  2819 | D:4      | Killed Blork the orc
  3258 | D:5      | Entered Level 5 of the Dungeon
  3357 | D:5      | Reached XP level 8. HP: 36/63 MP: 8/8
  3358 | D:5      | Reached skill level 7 in Long Blades
  3714 | D:5      | Found a staircase to the Ecumenical Temple.
  3734 | Temple   | Entered the Ecumenical Temple
  3745 | Temple   | Became a worshipper of Warmaster Okawaru
  3745 | Temple   | Reached * piety under Okawaru
  3745 | Temple   | Reached ** piety under Okawaru
  3927 | D:5      | Found a shimmering blue altar of Sif Muna.
  4061 | D:5      | Found an ancient bone altar of Kikubaaqudgha.
  4292 | D:6      | Reached skill level 8 in Long Blades
  4499 | D:6      | Found a shadowy altar of Dithmenos.
  4512 | D:6      | Reached XP level 9. HP: 66/71 MP: 5/9
  4583 | D:6      | Found a runed translucent gate.
  4583 | D:6      | Found a runed translucent gate.
  4583 | D:6      | Found a runed translucent gate.
  4584 | D:6      | Noticed hawkwood's ghost (novice DgAr)
  5020 | D:7      | Found a flagged portal.
  5030 | D:7      | Identified the +1 hand axe of the Slashing Gods {heavy, rN+
                  | Will+ Dex+4}
  5038 | Bailey   | Entered a bailey
  5159 | Bailey   | Reached *** piety under Okawaru
  5276 | Bailey   | Reached skill level 9 in Long Blades
  5401 | Bailey   | Reached skill level 1 in Invocations
  5538 | Bailey   | Acquired a +2 kite shield of protection
  5597 | Bailey   | Reached skill level 1 in Shields
  5702 | Bailey   | Reached **** piety under Okawaru
  5771 | Bailey   | Noticed a kobold demonologist
  5773 | Bailey   | Noticed a rust devil
  5784 | Bailey   | Killed a kobold demonologist
  5794 | Bailey   | Found an iron altar of Okawaru.
  5794 | Bailey   | Noticed an orc sorcerer
  5803 | Bailey   | Killed an orc sorcerer
  5804 | Bailey   | Reached skill level 10 in Long Blades
  5804 | Bailey   | Reached XP level 10. HP: 79/80 MP: 11/11
  5919 | D:7      | Found a sparkling altar of Nemelex Xobeh.
  6349 | D:7      | Reached ***** piety under Okawaru
  6350 | D:7      | Reached skill level 5 in Shields
  6373 | D:7      | Found a burning altar of Makhleb.
  6596 | D:7      | Identified the +1 leather armour of Filigreed Contentment
                  | {rCorr Str+3 Dex+6}
  6817 | D:8      | Found a staircase to the Lair.
  6851 | D:8      | Received a gift from Okawaru
  6959 | D:8      | Noticed Prince Ribbit
  6987 | D:8      | Killed Prince Ribbit
  7332 | D:8      | Noticed Maggie
  7345 | D:8      | Killed Maggie
  7439 | D:8      | Found a runed translucent door.
  7439 | D:8      | Noticed middlethird's ghost (novice VSIE)
  7451 | D:8      | Killed middlethird's ghost
  7897 | D:9      | Noticed an arcanist
  7899 | D:9      | Noticed a gargoyle
  7903 | D:9      | Killed an arcanist
  7904 | D:9      | Reached XP level 11. HP: 77/89 MP: 11/13
  7910 | D:9      | Reached skill level 11 in Long Blades
  8028 | D:9      | Found a stormy altar of Qazlal.
  8206 | D:9      | Found a glowing golden altar of the Shining One.
  8207 | D:9      | Found a shimmering altar of Xom.
  8304 | D:9      | Found a snail-covered altar of Cheibriados.
  8718 | D:10     | Entered Level 10 of the Dungeon
  8760 | D:10     | Noticed a four-headed hydra
  8782 | D:10     | Killed a four-headed hydra
  9025 | D:10     | Noticed a two-headed ogre
  9036 | D:10     | Killed a two-headed ogre
  9222 | D:10     | Received a gift from Okawaru
  9325 | D:10     | Identified the +7 flail "Ivadaad" {venom, rElec rF+ Int-4}
  9329 | D:10     | Found an opulent altar of Gozag.
  9388 | D:10     | Reached skill level 10 in Fighting
  9713 | D:11     | Found a staircase to the Orcish Mines.
  9741 | D:11     | Noticed a manticore
  9755 | D:11     | Killed a manticore
  9909 | D:11     | Noticed a boulder beetle
  9962 | D:11     | Killed a boulder beetle
  9962 | D:11     | Received a gift from Okawaru
 10163 | D:11     | Noticed a minotaur
 10164 | D:11     | Noticed brilapsti's ghost (journeyman DrCj)
 10182 | D:11     | Noticed a cyclops
 10197 | D:11     | Found a runed translucent gate.
 10197 | D:11     | Found a runed translucent gate.
 10197 | D:11     | Found a runed translucent gate.
 10201 | D:11     | Noticed a two-headed ogre
 10208 | D:11     | Killed a two-headed ogre
 10209 | D:11     | Reached skill level 12 in Long Blades
 10518 | D:12     | Found Plog's Distillery.
 10522 | D:12     | Bought a potion of degeneration for 17 gold pieces
 10548 | D:12     | Reached XP level 12. HP: 85/99 MP: 12/15
 10557 | D:12     | Reached skill level 1 in Armour
 10787 | D:12     | Reached skill level 5 in Invocations
 10791 | D:12     | Reached ****** piety under Okawaru
 10796 | D:12     | Acquired the +15 Maxwell's patent armour {-Cast -Tele rElec
                  | Will+ rCorr}
 10796 | D:12     | Received a gift from Okawaru
 10796 | D:12     | Found the +15 Maxwell's patent armour {-Cast -Tele rElec
                  | Will+ rCorr}
 10812 | D:12     | Acquired a +3 demon blade of venom
 10812 | D:12     | Received a gift from Okawaru
 10953 | D:9      | Fell from the grace of Okawaru
 10953 | D:9      | Became a worshipper of the Shining One
 11092 | D:6      | Killed hawkwood's ghost
 11292 | D:12     | Noticed a boulder beetle
 11324 | D:12     | Killed a boulder beetle
 12048 | D:13     | Noticed an eight-headed hydra
 12065 | D:13     | Killed an eight-headed hydra
 12175 | D:13     | Noticed a merfolk javelineer
 12175 | D:13     | Noticed a frost giant
 12175 | D:13     | Noticed a frost giant
 12190 | D:12     | HP: 3/100 [frost giant/+1 battleaxe of freezing[the fury of
                  | Okawaru] (13)]
 12190 | D:12     | HP: 1/100 [frost giant/+1 battleaxe of freezing[the fury of
                  | Okawaru] (2)]
 12191 | D:12     | Slain by a frost giant

Illustrated notes

Levels and vault maps discovered:
D:1:      dpeg_arrival_court, layout_basic
D:2:      layout_basic
D:3:      layout_basic, mainiacjoe_overflow_chevrons, hangedman_decor_growths,
          hangedman_decor_peaks_small
D:4:      layout_basic, uniq_blork_the_orc, uniq_eustachio
D:5:      layout_gridville, old_standard_altar, kiku_gazebo_garden_becter,
          minmay_temple_entry_proselytizer
D:6:      layout_basic, nicolae_dithmenos_shadow_blocks,
          ebering_ghost_rock_garden, minivault_1,
          hangedman_abyss_or_decor_stagger, grunt_ministairs_1
D:7:      layout_basic, bloody_makhleb,
          mainiacjoe_overflow_concentric_impassable, enter_bailey_2,
          item_on_display_b
D:8:      layout_loops_ring, erik_lair_island, hellmonk_ghost_happy_afterlife,
          uniq_maggie, uniq_prince_ribbit1
D:9:      layout_loops_cross, lemuel_tele_altar, grunt_qazlal_clouds,
          mainiacjoe_overflow_divided_tiny, water_boxes_lemuel
D:10:     layout_gridville, lemuel_crystal_altar,
          nicolae_overflow_hidden_temple, minmay_misc_feat_ornament
D:11:     layout_roguey, david_orc_2, maelrawn_ghost_gauntlet_escape
D:12:     layout_basic, serial_shops, nicolae_shop_hallway_stairs
D:13:     layout_loops_corners, ploomutoo_gammafunk_ghost_potion_laboratory,
          st_stairs_13, hangedman_abyss_or_decor_jellyfish_corner
Temple:   nicolae_temple_figure_zero

Skill      XL: |  1  2  3  4  5  6  7  8  9 10 11 12 |
---------------+-------------------------------------+-----
Long Blades    | 4 5 6 8 10 12 | 12.7
Fighting       | 4 5 6 7 9 10 11 | 11.3
Dodging        | 4 |  4.0
Throwing       | 1 2 4 |  4.7
Invocations    | 1 2 4 5 |  5.6
Shields        | 4 7 8 |  8.6
Armour         | 2 |  2.7
Short Blades   | |  0.4

Action                     |  1- 3 |  4- 6 |  7- 9 | 10-12 || total
---------------------------+-------+-------+-------+-------++-------
  Melee: Falchion          |     8 |       |       |       ||     8
         Whip              |    57 |    63 |       |       ||   120
         Scimitar          |       |    58 |   272 |   490 ||   820
         Rapier            |       |       |       |    30 ||    30
  Throw: Dart              |       |     3 |     2 |     3 ||     8
         Javelin           |       |     1 |    10 |    19 ||    30
         Boomerang         |       |       |     3 |    86 ||    89
 Invoke: Heroism           |       |       |       |     1 ||     1
         Receive Weapon    |       |       |       |     1 ||     1
         Receive Armour    |       |       |       |     1 ||     1
    Use: Scroll            |       |    10 |     5 |     9 ||    24
         Potion            |       |       |       |     2 ||     2
 Armour: Robe              |    40 |    20 |       |       ||    60
         Chain mail        |       |    35 |   145 |   215 ||   395
         Plate armour      |       |       |       |    94 ||    94
  Dodge: Dodged            |    56 |    78 |   196 |   155 ||   485
         Repelled          |     2 |     1 |     3 |     6 ||    12
  Block: Kite shield       |       |       |    33 |   463 ||   496
